 Dungeon Crawl Stone Soup version 0.31-a0-841-g038b102fc3 (webtiles) character file.

Game seed: 7923058285720775967

84011 Turgor the Marksant (level 16, -5/120 HPs)
             Began as a Formicid Hunter on Sept 26, 2023.
             Was the Champion of Hepliaklqana.
             Slain by a hellephant (15 damage)
             ... on level 3 of the Abyss on Sept 27, 2023.
             The game lasted 01:46:25 (19306 turns).

Turgor the Marksant (Formicid Hunter)              Turns: 19306, Time: 01:46:26

Health: -5/120     AC: 26    Str: 16    XL:     16   Next: 26%
Magic:  23/23      EV: 13    Int: 17    God:    Hepliaklqana [******]
Gold:   1625       SH:  7    Dex: 17    Spells: 13/24 levels left

rFire   . . .        O - +3 arbalest (heavy)
rCold   + + .        b - +1 buckler {rC+}
rNeg    . . .        Y - +3 chain mail {rC+}
rPois   .            (helmet unavailable)
rElec   .            g - +2 cloak
rCorr   .            p - +0 pair of gloves
SInv    +            m - +1 pair of boots
Will    .....        (no amulet) Stlth
                     t - +5 ring of evasion
HPRegen 0.40/turn    P - +4 ring of protection
MPRegen 0.18/turn

%: no passive effects
@: weak-willed, studying Long Blades
A: reduced essence, permanent stasis, dig shafts and tunnels, antennae 3, four
strong arms
a: Dig, Shaft Self, Renounce Religion, Recall Ancestor, Ancestor Identity,
Transference, Idealise


You were on level 3 of the Abyss.
You worshipped Hepliaklqana.
Hepliaklqana was exalted by your worship.
You visited 3 branches of the dungeon, and saw 21 of its levels.
You visited the Abyss 1 time.
You also visited: Ice Cave.

You collected 2038 gold pieces.
You spent 413 gold pieces at shops.

Inventory:

Hand Weapons
 I - the +1 orcbow of Biomm {flame, SInv}
   (You found it on level 9 of the Dungeon)

   SInv:      It lets you see invisible.
 O - a +3 heavy arbalest (weapon)
 T - a +0 heavy orcbow
Missiles
 a - a throwing net
 z - 6 curare-tipped darts
 A - 5 silver javelins
Armour
 b - a +1 buckler of cold resistance (worn)
 g - a +2 cloak (worn)
 m - a +1 pair of boots (worn)
 p - a +0 pair of gloves (worn)
 N - a +0 tower shield of cold resistance
 Y - a +3 chain mail of cold resistance (worn)
Jewellery
 t - a +5 ring of evasion (left hand)
 w - a ring of flight
 J - a ring of protection from cold
 P - a +4 ring of protection (right hand)
Wands
 c - a wand of light (1)
 F - a wand of flame (34)
 H - a wand of mindburst (14)
 K - a wand of charming (5)
 L - a wand of polymorph (11)
Scrolls
 d - a scroll of vulnerability
 i - 3 scrolls of enchant weapon
 j - a scroll of revelation
 k - 2 scrolls of poison
 o - 3 scrolls of amnesia
 r - 3 scrolls of fog
 v - 3 scrolls of enchant armour
 x - a scroll of torment
 C - a scroll of immolation
 E - a scroll of acquirement {unknown}
 G - a scroll of silence
 R - a scroll of brand weapon
 U - a scroll of fear
Potions
 e - 5 potions of mutation
 f - 3 potions of might
 h - a potion of magic
 n - a potion of lignification
 q - 2 potions of enlightenment
 s - 2 potions of attraction
 u - 2 potions of brilliance
 B - 3 potions of curing
 D - a potion of invisibility
 Q - 2 potions of heal wounds
 S - 4 potions of ambrosia
 W - a potion of cancellation
 X - a potion of haste {unknown}
Miscellaneous
 M - a phial of floods (inert)
 V - a tin of tremorstones (2/2)


   Skills:
 - Level 14.4 Fighting
 - Level 18.0 Ranged Weapons
 + Level 10.5 Armour
 - Level 2.0 Dodging
 - Level 2.0 Stealth
 - Level 5.4 Shields
 + Level 4.8 Spellcasting
 * Level 6.6 Conjurations
 * Level 8.7 Earth Magic
 - Level 9.0 Invocations


You had 13 spell levels left.
You knew the following spells:

 Your Spells              Type           Power      Damage    Failure   Level
a - Apportation           Tloc           8%         N/A       82%         1
b - Bombard               Conj/Erth      15%        9d3       100%        6
c - Brom's Barrelling Bo  Conj/Erth      30%        2d5       52%         4

Your spell library contained the following spells:

 Spells                   Type           Power      Damage    Failure   Level
 Passwall                 Tmut/Erth      15%        N/A       34%         2
 Foxfire                  Conj/Fire      60%        2x1d7     36%         1
 Momentum Strike          Conj/Tloc      30%        3d8       50%         2
 Dazzling Flash           Conj/Hex       30%        N/A       73%         3
 Lee's Rapid Deconstruct  Erth           16%        3d10*     73%         5
 Necrotise                Necr           16%        1d4       82%         1
 Slow                     Hex            16%        N/A       82%         1
 Summon Small Mammal      Summ           16%        N/A       82%         1
 Ensorcelled Hibernation  Hex/Ice        8%         N/A       91%         2
 Lesser Beckoning         Tloc           8%         N/A       91%         2
 Sublimation of Blood     Necr           4%         N/A       91%         2
 Wereblood                Tmut           4%         N/A       91%         2
 Animate Armour           Summ/Erth      36%        N/A       93%         4
 Leda's Liquefaction      Hex/Erth       9%         N/A       93%         4
 Iskenderun's Battlesphe  Conj           26%        2d8       95%         5
 Flame Wave               Conj/Fire      15%        2d7       98%         4
 Fulminant Prism          Conj/Hex       7%         3d7       98%         4
 Iskenderun's Mystic Bla  Conj/Tloc      15%        2d5       98%         4
 Sticky Flame             Conj/Fire      15%        2d4       98%         4
 Confusing Touch          Hex            4%         N/A       99%         3
 Inner Flame              Hex/Fire       4%         N/A       99%         3
 Ozocubu's Armour         Ice            4%         N/A       99%         3
 Sigil of Binding         Hex            4%         N/A       99%         3
 Vampiric Draining        Necr           4%         2d6       99%         3
 Volatile Blastmotes      Fire/Tloc      8%         2d10      99%         3
 Summon Ice Beast         Ice/Summ       4%         N/A       100%        4
 Summon Lightning Spire   Summ/Air       4%         N/A       100%        4
 Agony                    Necr           4%         N/A       100%        5
 Alistair's Intoxication  Tmut/Pois      2%         N/A       100%        5
 Arcjolt                  Conj/Air       7%         1d17      100%        5
 Fireball                 Conj/Fire      7%         3d5       100%        5
 Irradiate                Conj/Tmut      7%         3d14      100%        5
 Metabolic Englaciation   Hex/Ice        2%         N/A       100%        5
 Summon Mana Viper        Hex/Summ       4%         N/A       100%        5
 Conjure Ball Lightning   Conj/Air       7%         3x3d6     100%        6
 Plasma Beam              Fire/Air       2%         2x1d12    100%        6
 Simulacrum               Ice/Necr       2%         N/A       100%        6
 Starburst                Conj/Fire      7%         6d4       100%        6
 Monstrous Menagerie      Summ           2%         N/A       100%        7
 Orb of Destruction       Conj           13%        9d7       100%        7
 Maxwell's Capacitive Co  Air            2%         ∞         100%        8
 Blink                    Tloc           Unusable   N/A       N/A         2
 Swiftness                Air            Unusable   N/A       N/A         3
 Vhi's Electric Charge    Tloc/Air       Unusable   N/A       N/A         4

Dungeon Overview and Level Annotations

Branches:
Dungeon (14/15)            Temple (0/1) D:6            Lair (5/5) D:10
 Shoals (0/4) Lair:2       Spider (0/4) Lair:2        Slime (0/5) Lair:5
    Orc (2/2) D:9             Elf (0/3) Orc:2         IceCv (visited)
 Vaults: D:13-14

Altars:
Cheibriados
Dithmenos
Elyvilon
Hepliaklqana
Makhleb
Qazlal
Ru
Sif Muna
The Shining One

Shops:
Orc:1 (   Orc:2 *:*(

Portals:
Trove: D:10 (show abyssal rune of Zot)

Annotations:
D:6 1 runed translucent door, Crazy Yiuf
D:14 Louise


Innate Abilities, Weirdness & Mutations

Your life essence is reduced to manifest your ancestor. (-10% HP)
You cannot be hasted, slowed, berserked, paralysed or teleported.
You can dig through walls and to a lower floor.
You have a pair of large antennae on your head. (SInv)
Your four strong arms can wield two-handed weapons with a shield.


Message History

Unknown command.
Unknown command.
Found two runelights.
Found a runelight.
Found a runelight.
The purple draconian shifter breathes dispelling energy at you.
The bolt of dispelling energy misses you.
You are confused.
You feel invigorated.
You feel less invigorated.
You feel less confused.
Something barely misses Siôn.
Something bites Siôn but does no damage.
Siôn blocks something's attack.
Siôn hits the hellephant with a +0 broad axe of flaming.
Siôn burns the hellephant.
The hellephant barely misses Siôn.
Siôn blocks the hellephant's attack. x2
Fire: O) +3 arbalest (heavy)
Press: ? - help, Q - select action, (/) - cycle Shift-Dir - straight line, f - hellephant
Aim: a hellephant (lightly wounded, weak-willed, ally target, 73% to hit)
You shoot a bolt. Siôn avoids your attack.
The bolt hits the hellephant!!
The hellephant is lightly wounded.
The hellephant blinks!
Unknown command.
Fire: O) +3 arbalest (heavy)
Press: ? - help, Q - select action, (/) - cycle Shift-Dir - straight line, f/p - hellephant
Aim: a hellephant (lightly wounded, weak-willed, 73% to hit)
You shoot a bolt. The bolt hits the hellephant!
The hellephant is lightly wounded.
The purple draconian shifter breathes dispelling energy at you.
The bolt of dispelling energy hits Siôn!!
Siôn's magical effects unravel!
The bolt of dispelling energy hits you!!!
Your magical effects are unravelling.
* * * LOW HITPOINT WARNING * * *
The hellephant blinks!
The purple draconian shifter points at you and mumbles some strange words.
Siôn blinks!
The hellephant tramples you!
You die...

#.# . .#..# # .
#.# # #...... #
.# .. #.#. .# #
# #. .# # ... #
..... .## # .. .
. # #### # #..#.
##.#. #### # #
.##..#...#.# .
#.#§##......Y#.#
~ .. ##..##.
#Y@#
.#...†######.#.#
~~
~.#......#.§...
~..#≈ .§..
.§....⌠§ .##≈⌠§
≈≈≈≈§§≈≈≈≈.§§≈§
.##≈⌠!≈ #
≈§≈≈§≈≈§§§.§§
⌠.≈
##≈≈§≈≈§§§≈§≈§.⌠
..≈≈ #


YYqYYY§≈≈§≈R. #Y≈≈ # §...8. You could see the friendly Siôn the knight, a
hellephant (weak-willed), 2 dire elephants, a purple draconian shifter
(weak-willed, ally target) and an elephant (weak-willed).

Vanquished Creatures
  A frost giant (IceCv)
  A dire elephant (Abyss:3)
  An ettin (Orc:2)
  A fire dragon (Lair:5)
  6 hydras
  Erolcha (D:12)
  2 two-headed ogres
  3 orc high priests (Orc:2)
  10 death yaks
  2 tengu warriors
  A hell hog (Abyss:3)
  2 skysharks
  A deep elf pyromancer (D:12)
  A large abomination (Abyss:3)
  An orc knight (Orc:2)
  2 orc sorcerers
  2 cyclopes
  A manticore (D:13)
  2 ugly things
  9 elephants
  2 merfolk sirens (Lair:2)
  3 molten gargoyles (Lair:5)
  5 black mambas
  Psyche (D:12)
  8 cane toads
  2 torpor snails
  3 rime drakes
  2 unseen horrors
  3 kobold demonologists
  2 ice devils (D:12)
  A guardian mummy (D:10)
  A freezing wraith (D:11)
  13 komodo dragons
  2 tengu conjurers
  A queen bee (Lair:2)
  3 trolls
  3 meliai (D:14)
  2 merfolk (Lair:2)
  6 polar bears (IceCv)
  Grinder (D:3)
  7 dream sheep (Lair:3)
  15 blink frogs
  43 yaks
  A shadow (D:13)
  A vampire (D:10)
  A wraith (D:10)
  6 wyverns
  9 basilisks
  2 steam dragons (Lair:5)
  13 vampire mosquitoes
  2 wargs (Orc:1)
  4 acid dragons
  A spatial vortex (Abyss:3)
  11 water moccasins
  2 hell hounds (Lair:5)
  17 orc warriors
  2 black bears
  An ice beast (D:7)
  3 ogres
  28 wolves
  2 centaurs
  3 kobold brigands
  A phantom (D:5)
  8 bullfrogs
  2 scorpions (D:10)
  7 wights
  22 killer bees
  2 electric eels (D:6)
  4 lava snakes (Lair:5)
  3 jellies (Lair:5)
  2 gnoll boudas
  17 orc priests
  2 sleepcaps (D:4)
  18 orc wizards
  An iguana (D:6)
  6 hell rats (Lair:3)
  4 adders
  10 gnolls
  A river rat (Lair:2)
  A shadow imp (D:6)
  3 white imps
  2 ufetubi
  3 worms
  3 dart slugs
  27 orcs
  3 ball pythons
  A bat (D:1)
  8 endoplasms
  3 giant cockroaches
  6 goblins
  4 hobgoblins
  6 jackals (D:1)
  9 kobolds
  A quokka (D:1)
  2 frilled lizards
  2 rats
482 creatures vanquished.

Vanquished Creatures (collateral kills)
  Snorg (D:11)
  A hydra (Lair:5)
  A death yak (Lair:5)
  An orc high priest (Orc:2)
  A large abomination (Abyss:3)
  A lindwurm (Lair:5)
  Pikel (D:4)
  An orc knight (Orc:2)
  An orc sorcerer (Orc:1)
  An ice statue (IceCv)
  3 black mambas
  A kobold demonologist (D:12)
  A komodo dragon (Lair:5)
  4 polar bears
  2 trolls
  4 dream sheep (Lair:3)
  A slime creature (Lair:5)
  3 wraiths
  A wyvern (Lair:5)
  3 basilisks
  15 yaks
  A steam dragon (Lair:5)
  7 vampire mosquitoes
  2 wargs (Orc:1)
  An acid dragon (D:7)
  2 water moccasins (Lair:2)
  2 hell hounds (Lair:5)
  An ice beast (D:7)
  6 orc warriors
  8 wolves
  2 centaurs
  2 ogres
  A phantom (D:5)
  3 kobold brigands
  3 bullfrogs
  2 scorpions
  3 wights
  8 killer bees
  A lava snake (Lair:5)
  9 orc priests
  4 hounds
  7 orc wizards (Orc:2)
  A sleepcap (D:6)
  An adder (D:6)
  A gnoll (D:6)
  21 orcs
  A giant cockroach (D:4)
  A goblin (D:9)
  A kobold (D:11)
  A quokka (D:4)
  A lurking horror (Abyss:3)
152 creatures vanquished.

Vanquished Creatures (others)
  An orc warlord (D:11)
  An ettin (D:11)
  16 knights
  An ancestor (D:4)
19 creatures vanquished.

Grand Total: 653 creatures vanquished

Notes
Turn   | Place    | Note
-------+----------+-------------------------------------------
     0 | D:1      | Turgor the Formicid Hunter began the quest for the Orb.
     0 | D:1      | Reached XP level 1. HP: 16/16 MP: 1/1
    62 | D:1      | Reached XP level 2. HP: 23/23 MP: 2/2
   331 | D:1      | Reached XP level 3. HP: 28/28 MP: 3/3
  1195 | D:2      | Reached XP level 4. HP: 27/34 MP: 4/4
  1512 | D:3      | Found a burning altar of Makhleb.
  1537 | D:3      | Noticed Grinder
  1553 | D:3      | Killed Grinder
  1554 | D:3      | Reached skill level 5 in Ranged Weapons
  1554 | D:3      | Reached XP level 5. HP: 14/42 MP: 5/5
  1554 | D:3      | Reached XP level 6. HP: 16/48 MP: 6/6
  1736 | D:3      | Found a faded altar of an unknown god.
  1752 | D:3      | Prayed at the altar of an unknown god.
  1752 | D:3      | Became a worshipper of Hepliaklqana the Forgotten
  1752 | D:3      | Reached * piety under Hepliaklqana
  2138 | D:4      | Reached skill level 6 in Ranged Weapons
  2370 | D:4      | Reached XP level 7. HP: 15/48 MP: 7/7
  2569 | D:4      | Reached ** piety under Hepliaklqana
  2570 | D:4      | Remembered your ancestor Siôn as a knight
  2881 | D:4      | Noticed Pikel
  2891 | D:4      | Killed Pikel
  2892 | D:4      | Reached skill level 5 in Fighting
  2892 | D:4      | Reached skill level 7 in Ranged Weapons
  2892 | D:4      | Reached XP level 8. HP: 55/55 MP: 8/8
  2928 | D:4      | Found a hazy altar of Hepliaklqana.
  3179 | D:5      | Entered Level 5 of the Dungeon
  3723 | D:5      | Reached skill level 8 in Ranged Weapons
  4055 | D:6      | Identified the +4 ring mail "Balue" {Slay+3}
  4087 | D:6      | Reached XP level 9. HP: 31/62 MP: 9/9
  4200 | D:6      | Found a staircase to the Ecumenical Temple.
  4544 | D:6      | Reached skill level 9 in Ranged Weapons
  4756 | D:6      | Found a runed translucent door.
  4757 | D:6      | Noticed Crazy Yiuf
  4791 | D:6      | Reached *** piety under Hepliaklqana
  5276 | D:7      | Noticed an unseen horror
  5280 | D:7      | Killed an unseen horror
  5281 | D:7      | Reached skill level 10 in Ranged Weapons
  5338 | D:7      | Identified the +0 quarterstaff of the Five Nightingales
                  | {freeze, Int+3}
  5719 | D:7      | Found a snail-covered altar of Cheibriados.
  6173 | D:8      | Reached XP level 10. HP: 72/72 MP: 10/10
  6226 | D:8      | Noticed a two-headed ogre
  6237 | D:8      | Killed a two-headed ogre
  6238 | D:8      | Reached skill level 11 in Ranged Weapons
  6343 | D:8      | Reached **** piety under Hepliaklqana
  6395 | D:8      | Reached skill level 5 in Armour
  6395 | D:8      | Reached skill level 1 in Invocations
  6795 | D:9      | Found a shimmering blue altar of Sif Muna.
  6802 | D:9      | Found a stormy altar of Qazlal.
  6802 | D:9      | Found a sacrificial altar of Ru.
  6926 | D:9      | Identified the +1 orcbow of Biomm {flame, SInv}
  7230 | D:9      | Reached skill level 12 in Ranged Weapons
  7264 | D:9      | Found a staircase to the Orcish Mines.
  7526 | D:10     | Entered Level 10 of the Dungeon
  7550 | D:10     | Reached XP level 11. HP: 79/80 MP: 13/13
  7858 | D:10     | Learned a level 1 spell: Apportation
  7865 | D:10     | Learned a level 6 spell: Bombard
  7876 | D:10     | Found a shadowy altar of Dithmenos.
  7929 | D:10     | Found a portal to a secret trove of treasure.
  8177 | D:10     | Found a staircase to the Lair.
  8220 | D:10     | Reached skill level 5 in Invocations
  8477 | D:10     | Found a white marble altar of Elyvilon.
  8555 | D:11     | Noticed a red ugly thing
  8564 | D:11     | Noticed a sixfirhy
  8592 | D:11     | Reached skill level 13 in Ranged Weapons
  8669 | D:11     | Reached skill level 10 in Fighting
  8749 | D:11     | Noticed Snorg
  8766 | D:11     | Killed Snorg
  8774 | D:11     | Reached ***** piety under Hepliaklqana
  9063 | D:11     | Noticed a tengu warrior
  9077 | D:11     | Killed a tengu warrior
  9195 | D:11     | Noticed a five-headed hydra
  9199 | D:11     | Killed a five-headed hydra
  9200 | D:11     | Reached XP level 12. HP: 88/88 MP: 16/16
  9223 | D:11     | Noticed an ettin
  9226 | D:11     | Noticed an orc warlord
  9249 | D:11     | Killed an orc warlord
  9681 | D:12     | Reached skill level 14 in Ranged Weapons
  9700 | D:12     | Found a gate leading to a gauntlet.
  9837 | D:12     | Noticed Erolcha
  9846 | D:12     | Noticed Psyche
  9850 | D:12     | Killed Erolcha
  9854 | D:12     | Killed Psyche
  9915 | D:12     | Found a frozen archway.
  9924 | IceCv    | Entered an ice cave
 10076 | IceCv    | Reached XP level 13. HP: 86/95 MP: 18/18
 10078 | IceCv    | Reached skill level 15 in Ranged Weapons
 10139 | IceCv    | Reached skill level 1 in Shields
 10368 | IceCv    | Reached skill level 5 in Shields
 10575 | IceCv    | Noticed a frost giant
 10652 | IceCv    | Reached skill level 16 in Ranged Weapons
 10885 | IceCv    | Killed a frost giant
 10886 | IceCv    | Upgraded the game from 0.31-a0-836-g3ceb0a68c4 to
                  | 0.31-a0-841-g038b102fc3
 10954 | IceCv    | Got a torn book
 11170 | D:12     | Found a glowing golden altar of the Shining One.
 11547 | Lair:1   | Entered Level 1 of the Lair of Beasts
 11547 | Lair:1   | Noticed a six-headed hydra
 11559 | Lair:1   | Killed a six-headed hydra
 11768 | Lair:1   | Reached XP level 14. HP: 104/104 MP: 19/19
 12106 | Lair:1   | Identified the +5 flail of Kolo {holy, rC+}
 12370 | Lair:2   | Found a hole to the Spider Nest.
 12390 | Lair:2   | Reached skill level 17 in Ranged Weapons
 13069 | Lair:2   | Reached ****** piety under Hepliaklqana
 13363 | Lair:2   | Found a staircase to the Shoals.
 14066 | Lair:3   | Reached skill level 18 in Ranged Weapons
 14521 | Lair:4   | Reached skill level 1 in Earth Magic
 14579 | Lair:4   | Reached skill level 1 in Conjurations
 14618 | Lair:4   | Reached XP level 15. HP: 114/114 MP: 21/21
 14717 | Lair:4   | Reached skill level 1 in Spellcasting
 15270 | Lair:5   | Entered Level 5 of the Lair of Beasts
 15649 | Lair:5   | Found a staircase to the Slime Pits.
 15745 | Lair:5   | Reached skill level 5 in Earth Magic
 16220 | Lair:5   | Found a large runed translucent door.
 16221 | Lair:5   | Found a large runed translucent door.
 16509 | Lair:5   | Identified the +6 battleaxe "Riodutix" {drain, *Noise rElec
                  | rF++ Str+2}
 16791 | Orc:1    | Entered Level 1 of the Orcish Mines
 16888 | Orc:1    | Found Sifi's Weapon Shoppe.
 16997 | Orc:1    | Reached skill level 5 in Conjurations
 17086 | Orc:2    | Entered Level 2 of the Orcish Mines
 17215 | Orc:2    | Reached skill level 10 in Armour
 17462 | Orc:2    | Found a staircase to the Elven Halls.
 17591 | Orc:2    | Found Evatso's Book Shoppe.
 17591 | Orc:2    | Found Firolimm's General Store.
 17623 | Orc:2    | Found Wasocissi's Assorted Antiques.
 17627 | Orc:2    | Found Wuaps's Antique Weapon Emporium.
 17633 | Orc:2    | Bought a +3 chain mail of cold resistance for 371 gold
                  | pieces
 17633 | Orc:2    | Bought a potion of curing for 42 gold pieces
 18013 | Orc:2    | Found a shimmering blue altar of Sif Muna.
 18470 | D:13     | Reached XP level 16. HP: 120/120 MP: 22/22
 18824 | D:13     | Learned a level 4 spell: Brom's Barrelling Boulder
 19182 | D:14     | Noticed Louise
 19192 | Abyss:3  | Found a corrupted altar of Lugonu.
 19192 | Abyss:3  | Cast into level 3 of the Abyss (Louise)
 19196 | Abyss:3  | Found a corrupted altar of Lugonu.
 19282 | Abyss:3  | Noticed a hellephant
 19306 | Abyss:3  | Slain by a hellephant

Illustrated notes

Levels and vault maps discovered:
D:1:      minmay_arrival_nine_rooms, layout_basic, hex_large,
          hangedman_decor_points
D:2:      layout_basic, minmay_split_cup_small
D:3:      layout_rooms, lemuel_doored_altar, ebering_ecumenical_altar_webs,
          uniq_grinder
D:4:      layout_basic, mainiacjoe_overflow_brackets, grunt_ministairs_9,
          hellmonk_no_cap, uniq_pikel
D:5:      layout_layer_cave
D:6:      layout_basic, temple_doors_cd, interstate_on_off,
          nicolae_kite_square_tiling_tiny, uniq_crazy_yiuf_cottage
D:7:      layout_gridville, cheibrodos_worm_habitat,
          nicolae_houndstooth_variations
D:8:      layout_loops_ring
D:9:      layout_loops_ring, gammafunk_temple_overflow_forgotten, erik_orc_3
D:10:     layout_big_octagon, nicolae_elyvilon_temple_path,
          nicolae_dithmenos_the_darkroom, grunt_lair_entry_orc_guard_hut,
          nicolae_trove_entry_path_of_doom
D:11:     minmay_shrinking_squares, layout_irregular_city, uniq_snorg
D:12:     layout_roguey, portal_ice_cave_demonic_guard, gauntlet_entry_generic,
          nrook_pool_corridor, tso_altar, uniq_erolcha, uniq_psyche
D:13:     layout_rooms, blue_anna_alchemist
D:14:     layout_basic, hellmonk_vaults_keyhole, nicolae_hexahallways,
          uniq_louise, uniq_roxanne
Lair:1:   layout_roguey
Lair:2:   regret_index_wax_grids, layout_regular_city,
          elwin_shoals_entry_stream, dummy_spider_entry, lemuel_fruit_tree
Lair:3:   layout_loops_ring
Lair:4:   layout_small_grid, minivault_27, st_stairs_6
Lair:5:   cheibrodos_lair_end_hotspot, layout_regular_city,
          minmay_slime_entry_pillars, minivault_26
Orc:1:    layout_caves, serial_shops, nicolae_shop_bloodbath_and_beyond
Orc:2:    st_orc_mages, layout_caves, kennysheep_orc_sif_temple
Abyss:3:  base: D:14, evilmike_abyss_exit_plants,
          grunt_abyss_rune_forest_and_sorcery,
          evilmike_abyss_rune_elephants_shrine

Skill      XL: |  1  2  3  4  5  6  7  8  9 10 11 12 13 14 15 16 |
---------------+-------------------------------------------------+-----
Dodging        | 2 |  2.0
Stealth        | 2 |  2.0
Fighting       | 3 4 5 6 7 9 10 11 12 14 | 14.4
Ranged Weapons | 5 6 7 8 10 12 13 14 16 18 | 18.0
Armour         | 2 4 6 7 9 10 | 10.5
Invocations    | 3 6 7 9 |  9.0
Shields        | 5 |  5.4
Earth Magic    | 1 7 8 |  8.7
Conjurations   | 1 5 6 |  6.6
Spellcasting   | 4 |  4.8

Action                     |  1- 3 |  4- 6 |  7- 9 | 10-12 | 13-15 | 16-18 || total
---------------------------+-------+-------+-------+-------+-------+-------++-------
   Fire: Shortbow          |    85 |    77 |   148 |       |       |       ||   310
         Orcbow            |       |       |    84 |   430 |   605 |       ||  1119
         Arbalest          |       |       |       |    10 |   513 |    89 ||   612
 Invoke: Ancestor Identity |       |     1 |       |       |       |       ||     1
         Ancestor Life: Kn |       |       |     1 |       |       |       ||     1
         Recall Ancestor   |       |       |     1 |     1 |       |     1 ||     3
         Idealise          |       |       |       |       |     2 |       ||     2
Ability: Dig               |       |       |       |       |     1 |       ||     1
  Evoke: Wand              |       |       |       |     5 |     7 |       ||    12
         Phial of floods   |       |       |       |       |     1 |     1 ||     2
    Use: Scroll            |       |     2 |     9 |     9 |     6 |     4 ||    30
         Potion            |       |     2 |       |     1 |     1 |     1 ||     5
 Armour: Leather armour    |    22 |    21 |    15 |       |       |       ||    58
         Ring mail         |       |       |     5 |    24 |   152 |       ||   181
         Chain mail        |       |       |       |       |     4 |    48 ||    52
  Dodge: Dodged            |    26 |    11 |    29 |    73 |   170 |    29 ||   338
  Block: Buckler           |       |       |       |       |    82 |    18 ||   100

Table legend: (Time is in decaauts)
 A = Elapsed time spent in this place.
 B = Non-inter-level travel time spent in this place.
 C = Inter-level travel time spent in this place.
 D = Time resting spent in this place.
 E = Time spent auto-exploring this place.
 F = Levels seen in this place.
 G = Mean time per level.
                   A        B        C        D        E       F      G
               +--------+--------+--------+--------+--------+-----+--------+
         Total |  19361 |  18487 |    874 |    682 |  13360 |  23 |  841.8 |
       Dungeon |  11570 |  11018 |    552 |    360 |   8390 |  14 |  826.4 |
          Lair |   5168 |   4918 |    250 |     26 |   3810 |   5 | 1033.6 |
  Orcish Mines |   1485 |   1415 |     70 |      5 |   1020 |   2 |  742.5 |
         Abyss |    131 |    131 |      0 |      0 |      0 |   1 |  131.0 |
      Ice Cave |   1005 |   1005 |      0 |    291 |    140 |   1 | 1005.0 |
               +--------+--------+--------+--------+--------+-----+--------+

Top non-repeatable levels by time:
  Lair:5: 1442 daAuts
  Lair:2: 1322 daAuts
     D:4: 1202 daAuts
   Orc:2: 1156 daAuts
    D:11: 1144 daAuts
     D:7: 1110 daAuts
    D:10: 1068 daAuts
   IceCv: 1005 daAuts
     D:6: 1000 daAuts
  Lair:4: 988 daAuts
     D:9: 941 daAuts
    D:12: 826 daAuts
     D:2: 755 daAuts
     D:1: 749 daAuts
     D:5: 726 daAuts
